 Dungeon Crawl Stone Soup version 0.22-a0-136-g83a10e5 (webtiles) character file.

120 MatthieuS the Changer (level 5, -8/39 HPs)
             Began as a Merfolk Transmuter on Feb 3, 2018.
             Splashed by a jelly's acid (10 damage)
             ... on level 3 of the Dungeon.
             The game lasted 00:07:18 (3132 turns).

MatthieuS the Changer (Merfolk Transmuter)          Turns: 3132, Time: 00:07:19

Health: -8/39      AC: -5    Str: 11    XL:     5   Next: 4%
Magic:  9/9        EV: 12    Int: 13    God:
Gold:   119        SH:  0    Dex: 14    Spells: 6/9 levels left

rFire    . . .     SeeInvis .     - Unarmed
rCold    . . .     Gourm    .   (no shield)
rNeg     . . .     Faith    .   e - +0 leather armour
rPois    .         Spirit   .   (no helmet)
rElec    .         Reflect  .   (no cloak)
rCorr    .         Harm     .   (no gloves)
MR       .....                  (no boots)
Stlth    +.........             (no amulet)
HPRegen  0.13/turn              (no ring)
MPRegen  0.11/turn              (no ring)

@: appendage (expiring), corroded
A: change form in water, swift swim, stealthy swim, horns 2
a: End Transformation


You were on level 3 of the Dungeon.
You were hungry.
You had grown temporary horns.
You visited 1 branch of the dungeon, and saw 3 of its levels.

You collected 119 gold pieces.

Inventory:

Missiles
 a - 46 arrows
Armour
 b - a +0 robe
 e - a +0 leather armour (worn)
Scrolls
 g - 2 scrolls of remove curse {unknown}
 h - 2 scrolls of magic mapping {unknown}
 j - a scroll of enchant weapon {unknown}
 m - a scroll of fog {unknown}
 o - 3 scrolls of teleportation {unknown}
 q - 2 scrolls of blinking {unknown}
 r - a scroll of fear {unknown}
Potions
 f - a potion of curing {unknown}
 p - a potion of haste {unknown}
Books
 c - a book of Changes

   Spells                             Type                      Level
   a - Beastly Appendage              Transmutation                1
   b - Sticks to Snakes               Transmutation                2
   c - Spider Form                    Transmutation/Poison         3
   d - Ice Form                       Ice/Transmutation            4
   e - Blade Hands                    Transmutation                5
Comestibles
 d - 4 rations
 i - 3 chunks of flesh


   Skills:
 + Level 2.4 Fighting
 - Level 2.6 Dodging
 + Level 4.0 Unarmed Combat
 + Level 2.7 Spellcasting
 * Level 4.6 Transmutations


You had 6 spell levels left.
You knew the following spells:

 Your Spells              Type           Power        Failure   Level  Hunger
a - Beastly Appendage     Tmut           ##....       4%          1    #......
b - Sticks to Snakes      Tmut           ##......     7%          2    ###....


Dungeon Overview and Level Annotations

Branches:
Dungeon (3/15)

Altars:
Dithmenos
Nemelex Xobeh


Innate Abilities, Weirdness & Mutations

You revert to your normal form in water.
You are very nimble and swift while swimming.
You are very stealthy in the water. (Stealth+)
You have a pair of horns on your head.


Message History

You barely miss the jelly. Your headbutt misses the jelly.
The jelly is heavily wounded.
The jelly hits you.
You are splashed with acid!
The acid burns!
You hit the jelly. The acid corrodes you!
Your hands burn!
You headbutt the jelly, but do no damage.
The jelly is severely wounded.
Your transformation is almost over.
The jelly closely misses you.
You hit the jelly.
Your hands burn!
The jelly is almost dead.
The jelly hits you.
You are splashed with acid!
The acid burns!
* * * LOW HITPOINT WARNING * * *
You are too injured to fight recklessly!
You hit the jelly but do no damage. The acid corrodes you!
Your hands burn!
* * * LOW HITPOINT WARNING * * *
The jelly is almost dead.
The jelly hits you.
* * * LOW HITPOINT WARNING * * *
You are splashed with acid!
The acid burns!
You die...

... .?. .... .... ##..#
....### #.J.# #@##
..####..## #........#
######...####
#.........#########
#....>..#..##....>###
..^...................
.#[....................
#......................


You could see a jelly.

Vanquished Creatures
  Ijyb (D:1)
  3 adders (D:2)
  A dart slug (D:2)
  2 leopard geckos
  An orc (D:3)
  A giant cockroach (D:1)
  13 goblins
  10 hobgoblins
  2 jackals (D:3)
  4 kobolds
  10 bats
  4 frilled lizards
  10 rats
62 creatures vanquished.

Notes
Turn   | Place    | Note
-------+----------+-------------------------------------------
     0 | D:1      | MatthieuS the Merfolk Transmuter began the quest for the Orb.
     0 | D:1      | Reached XP level 1. HP: 15/15 MP: 3/3
   251 | D:1      | Reached XP level 2. HP: 18/21 MP: 3/5
   370 | D:1      | Learned a level 2 spell: Sticks to Snakes
   809 | D:1      | Reached XP level 3. HP: 25/26 MP: 4/6
  1749 | D:2      | Reached XP level 4. HP: 23/33 MP: 5/7
  1929 | D:2      | Found a sparkling altar of Nemelex Xobeh.
  2084 | D:2      | Noticed Ijyb
  2143 | D:1      | Killed Ijyb
  2489 | D:2      | Found a shadowy altar of Dithmenos.
  2933 | D:3      | Reached XP level 5. HP: 17/39 MP: 7/9
  3132 | D:3      | Splashed by a jelly's acid

Vault maps used:
D:1:      evilmike_arrival_crescent
D:2:      kennysheep_the_goblin_king, nicolae_dithmenos_through_a_glass_darkly,
          nemelex_xobeh_ov_fountains_minmay
D:3:      nicolae_ru_path_of_blood, first_ration, minivault_11

Skill      XL: |  1  2  3  4 |
---------------+-------------+-----
Transmutations | 3 4 |  4.6
Fighting       | 2 |  2.4
Unarmed Combat | 4 |  4.0
Dodging        | |  2.6
Spellcasting   | |  2.7

Action                   |  1- 3 |  4- 6 || total
-------------------------+-------+-------++-------
Melee: Unarmed           |   113 |    97 ||   210
       Headbutt          |    14 |    10 ||    24
       Punch             |     1 |     3 ||     4
 Cast: Beastly Appendage |    20 |    11 ||    31
       Sticks to Snakes  |     1 |       ||     1
  Use: Potion            |       |     4 ||     4
 Stab: Sleeping          |     1 |       ||     1
  Eat: Chunk             |     3 |     1 ||     4
       Ration            |       |     1 ||     1
Armor: Leather armour    |    33 |    38 ||    71
Dodge: Dodged            |    85 |    95 ||   180

Table legend:
 A = Spawn XP
 B = Non-spawn XP
 C = Spawn XP percentage of total XP
 D = Spawn monster count
 E = Non-spawn monster count
 F = Spawn count percentage of total count
 G = Total turns spent on level
                    A         B        C        D         E        F      G
               +---------+---------+-------+---------+---------+-------+---------
         Total |       0 |     172 |   0.0 |       0 |      62 |   0.0 |  3132
               +---------+---------+-------+---------+---------+-------+---------
           D:1 |       0 |      79 |   0.0 |       0 |      29 |   0.0 |  1652
           D:2 |       0 |      74 |   0.0 |       0 |      22 |   0.0 |  1368
           D:3 |       0 |      19 |   0.0 |       0 |      11 |   0.0 |   112
               +---------+---------+-------+---------+---------+-------+---------
